 Dungeon Crawl Stone Soup version 0.30-a0-1085-g990a428a5c (webtiles) character file.

Game seed: 8869590661419660400

9 themarg the Caller (level 2, -8/19 HPs)
             Began as a Merfolk Summoner on Apr 16, 2023.
             Mangled by a kobold
             ... wielding a +2 short sword of electrocution
              (15 damage)
             ... on level 1 of the Dungeon.
             The game lasted 00:01:41 (226 turns).

themarg the Caller (Merfolk Summoner)                Turns: 226, Time: 00:01:41

Health: -8/19      AC:  2    Str:  8    XL:     2   Next: 12%
Magic:  2/5        EV: 12    Int: 14    God:
Gold:   38         SH:  0    Dex: 14    Spells: 4/5 levels left

rFire   . . .      SeeInvis .    (no weapon)
rCold   . . .      Faith    .    (no shield)
rNeg    . . .      Spirit   .    a - +0 robe
rPois   .          Reflect  .    (no helmet)
rElec   .          Rampage  .    (no cloak)
rCorr   .                        (no gloves)
Will    .....                    (no boots)
Stlth   ++                       (no amulet)
HPRegen 0.23/turn                (no ring)
MPRegen 0.09/turn                (no ring)

@: no status effects
A: (nimble swimmer 2), mertail
a: no special abilities


You were on level 1 of the Dungeon.
You visited 1 branch of the dungeon, and saw 1 of its levels.

You collected 38 gold pieces.

Inventory:

Armour
 a - a +0 robe (worn)
Potions
 b - a potion of magic


   Skills:
 - Level 2.6 Dodging
 + Level 2.7 Stealth
 - Level 2.0 Spellcasting
 + Level 4.2 Summonings


You had 4 spell levels left.
You knew the following spells:

 Your Spells              Type           Power      Damage    Failure   Level
a - Summon Small Mammal   Summ           52%        N/A       4%          1

Your spell library contained the following spells:

 Spells                   Type           Power      Damage    Failure   Level
 Call Imp                 Summ           26%        N/A       6%          2
 Call Canine Familiar     Summ           13%        N/A       12%         3
 Summon Guardian Golem    Hex/Summ       7%         N/A       30%         3
 Summon Lightning Spire   Summ/Air       7%         N/A       69%         4


Dungeon Overview and Level Annotations

Branches:
Dungeon (1/15)

Altars:


Innate Abilities, Weirdness & Mutations

((You are very nimble when in or above water. (Stealth+, EV+, Speed+++)))
Your lower body shifts to a powerful aquatic tail in water.


Message History

The hobgoblin misses you. The frilled lizard bites you.
You barely miss the frilled lizard.
Your quokka barely misses the frilled lizard.
The hobgoblin hits you. The frilled lizard barely misses you.
Your bat barely misses the hobgoblin.
You closely miss the frilled lizard.
Your quokka barely misses the frilled lizard.
The hobgoblin completely misses you. The kobold barely misses your quokka.
The frilled lizard misses you.
Your quokka misses the frilled lizard. You hit the frilled lizard.
The frilled lizard is heavily wounded.
Your bat misses the hobgoblin. The hobgoblin misses you.
Your quokka closely misses the frilled lizard.
The kobold barely misses your quokka. The frilled lizard bites you.
Your bat misses the frilled lizard. You closely miss the frilled lizard.
The frilled lizard is heavily wounded.
Your bat barely misses the frilled lizard.
Your bat hits the hobgoblin but does no damage.
Your quokka closely misses the frilled lizard.
The hobgoblin closely misses you. The kobold closely misses your quokka.
The frilled lizard misses you.
You closely miss the frilled lizard.
The frilled lizard is heavily wounded.
Your bat hits the hobgoblin but does no damage.
Your quokka misses the frilled lizard. The hobgoblin barely misses your bat.
The kobold closely misses your quokka. The frilled lizard barely misses you.
You hit the frilled lizard.
You kill the frilled lizard!
Your bat hits the hobgoblin but does no damage.
Your quokka closely misses the kobold.
The hobgoblin hits you.
You swap places.
Your bat barely misses the hobgoblin.
Your quokka bites the kobold.
Your bat barely misses the hobgoblin.
The hobgoblin hits your bat.
Your bat dies!
Your bat's corpse disappears in a puff of smoke!
Your quokka bites the kobold but does no damage.
The kobold hits you but does no damage.
You are electrocuted!
Ouch! That really hurt!
You die...

########## #######
#........#
#.....######........###
#.............†..†.....
#.....######........###
#.....######...........
#.........##..g.............
###..#......@K†....!#..
.#..# ##.#....#..§r.....#
###....
#.#.....b........###......
#.###.#.#.)......# .......
#.###.#.##.##########.....
#...#.#.##.# #.#......
#...#...##.## ##....~~~
#............ #....~...
#....#..# #.# #....~.<.


You could see a hobgoblin, a kobold (ally target), a friendly quokka (summoned)
and a friendly bat (summoned).

Vanquished Creatures
  A hobgoblin (D:1)
  A frilled lizard (D:1)
2 creatures vanquished.

Vanquished Creatures (collateral kills)
  A dart slug (D:1)
  A ball python (D:1)
  A hobgoblin (D:1)
  2 rats (D:1)
5 creatures vanquished.

Grand Total: 7 creatures vanquished

Notes
Turn   | Place    | Note
-------+----------+-------------------------------------------
     0 | D:1      | themarg the Merfolk Summoner began the quest for the Orb.
     0 | D:1      | Reached XP level 1. HP: 13/13 MP: 3/3
   210 | D:1      | Reached XP level 2. HP: 19/19 MP: 3/5
   226 | D:1      | Mangled by a kobold

Illustrated notes

Levels and vault maps discovered:
D:1:      enne_arrival_octagon_isle, layout_rooms

Action                     || total
---------------------------++-------
  Melee: Unarmed           ||    20
   Cast: Summon Small Mamm ||    13
 Armour: Robe              ||     4
  Dodge: Dodged            ||    16

Table legend: (Time is in decaauts)
 A = Elapsed time spent in this place.
 B = Non-inter-level travel time spent in this place.
 C = Inter-level travel time spent in this place.
 D = Time resting spent in this place.
 E = Time spent auto-exploring this place.
 F = Levels seen in this place.
 G = Mean time per level.
                   A        B        C        D        E       F      G
               +--------+--------+--------+--------+--------+-----+--------+
         Total |    225 |    225 |      0 |     26 |    124 |   1 |  225.0 |
       Dungeon |    225 |    225 |      0 |     26 |    124 |   1 |  225.0 |
               +--------+--------+--------+--------+--------+-----+--------+

Top non-repeatable levels by time:
     D:1: 225 daAuts
